Workbook
Name \0: #REF!
Name \0: #REF!
Name \0: #REF!
Name \0: #REF!
Name \00: #REF!
Name \00: #REF!
Name \00: #REF!
Name \00: #REF!
Name \a: #REF!
Name \a: #REF!
Name \a: #REF!
Name \AA: #REF!
Name \b: #REF!
Name \b: #REF!
Name \bb: #REF!
Name \E: #REF!
Name \EE: #REF!
Name \eliminar: #REF!
Name \eliminar: #REF!
Name \eliminar1: #REF!
Name \eliminar1: #REF!
Name \G: #REF!
Name \G: #REF!
Name \G: #REF!
Name \G: #REF!
Name \k: #REF!
Name \k: #REF!
Name \k: #REF!
Name \k: #REF!
Name \l: #REF!
Name \l: #REF!
Name \l: #REF!
Name \l: #REF!
Name \M: #REF!
Name \M: #REF!
Name \M: #REF!
Name \M: #REF!
Name \ñ: #REF!
Name \ñ: #REF!
Name \ñ: #REF!
Name \ñ: #REF!
Name \P: #REF!
Name \P: #REF!
Name \P: #REF!
Name \P: #REF!
Name \q: #REF!
Name \q: #REF!
Name \R: #REF!
Name \R: #REF!
Name \R: #REF!
Name \R: #REF!
Name \s: #REF!
Name \s: #REF!
Name \s: #REF!
Name \V: #REF!
Name \X: 'APU (Entidad) '!ERR
Name \X: CRONOGRAMA!ERR
Name \X: 'FLUJO DE FONDOS'!ERR
Name \X: 'INDICAR CÓDIGO DEL ITEM DE PAGO'!ERR
Name \X: 'MEMORIAS (Entidad) (2)'!ERR

Sheet PRESUPUESTO OFICIAL (Entidad.)
D4: PRESUPUESTO OFICIAL
D5: OBJETO: MEJORAMIENTO DE LA TRANSITABILIDAD EN CAMINOS ANCESTRALES DE LA COMUNIDAD DE AGUABLANCA MEDIANTE EL MANTENIMIENTO DE DOS PUENTES PEATONALES EN EL RESGUARDO INDÍGENA UNIDO U'WA.
D6: Nº | E6: DESCRIPCIÓN | F6: UND. | G6: CANTIDAD | H6: VALOR UNITARIO | I6: VALOR TOTAL
D8: 1. | E8: PRELIMINARES
D9: 1.1 | E9: LIMPIEZA Y ROCERÍA MANUAL CON UN ANCHO DE 3,0 METROS | F9: M2 | G9: =+'MEMORIAS DE CÁLCULO OK'!M21 -> 130 | H9: =+'APU (Entidad) '!N71 -> 906 | I9: =ROUND(G9*H9,0) -> 117780
D10: 1.2 | E10: DESMONTE DE MADERA EXISTENTE (TABLAS, DURMIENTES Y LARGUEROS) | F10: M2 | G10: =+'MEMORIAS DE CÁLCULO OK'!M50 -> 162.5 | H10: =+'APU (Entidad) '!N153 -> 15042 | I10: =ROUND(G10*H10,0) -> 2444325
D11: 1.3 | E11: LIMPIEZA MANUAL DE GUAYA PRINCIPAL Y PENDOLONES | F11: ML | G11: =+'MEMORIAS DE CÁLCULO OK'!M79 -> 385 | H11: =+'APU (Entidad) '!N235 -> 9349 | I11: =ROUND(G11*H11,0) -> 3599365
D12: 2. | E12: CORTE Y TRANSPORTE DE MADERA
D13: 2.1 | E13: CORTE Y TRANSPORTE (1 KM) DE TABLAS EN MADERA INMUNIZADA 0,30m x 0,03m | F13: ML | G13: =+'MEMORIAS DE CÁLCULO OK'!M108 -> 498.33 | H13: =+'APU (Entidad) '!N317 -> 30283 | I13: =ROUND(G13*H13,0) -> 15090927
D14: 2.2 | E14: CORTE Y TRANSPORTE (1 KM) DE CUARTÓN EN MADERA INMUNIZADA 0,10m x 0,10m | F14: ML | G14: =+'MEMORIAS DE CÁLCULO OK'!M137 -> 251.88 | H14: =+'APU (Entidad) '!N399 -> 22300 | I14: =ROUND(G14*H14,0) -> 5616924
D15: 2.3 | E15: CORTE Y TRANSPORTE (1 KM) DE CUARTÓN EN MADERA INMUNIZADA 0,12m x 0,18m | F15: ML | G15: =+'MEMORIAS DE CÁLCULO OK'!M166 -> 112.96 | H15: =+'APU (Entidad) '!N481 -> 34234 | I15: =ROUND(G15*H15,0) -> 3867073
D16: 3. | E16: MANTENIMIENTO DEL PUENTE
D17: 3.1 | E17: TENSIONAMIENTO DE GUAYA PRINCIPAL DE 1” | F17: ML | G17: =+'MEMORIAS DE CÁLCULO OK'!M195 -> 170 | H17: =+'APU (Entidad) '!N563 -> 19961 | I17: =ROUND(G17*H17,0) -> 3393370
D18: 3.2 | E18: INSTALACIÓN DE SOPORTE PARA PISO (DURMIENTE) EN CUARTÓN (0,12m X 0,18m X 2,50m) | F18: UND | G18: =+'MEMORIAS DE CÁLCULO OK'!M224 -> 45 | H18: =+'APU (Entidad) '!N645 -> 59789 | I18: =ROUND(G18*H18,0) -> 2690505
D19: 3.3 | E19: INSTALACIÓN DE SOPORTE PARA PISO (LARGUERO) EN CUARTÓN (0,10m X 0,10m X 3,00m) | F19: UND | G19: =+'MEMORIAS DE CÁLCULO OK'!M253 -> 87 | H19: =+'APU (Entidad) '!N727 -> 38719 | I19: =ROUND(G19*H19,0) -> 3368553
D20: 3.4 | E20: INSTALACIÓN DE PISO EN TABLA EN MADERA (0,20m X 0.03m X 2,30m) | F20: UND | G20: =+'MEMORIAS DE CÁLCULO OK'!M282 -> 217 | H20: =+'APU (Entidad) '!N809 -> 31576 | I20: =ROUND(G20*H20,0) -> 6851992
D21: 3.5 | E21: REPOSICIÓN DE PENDOLONES EN VARILLA LISA DE ACERO LONG. PROM= 2,5 MTS | F21: UND | G21: =+'MEMORIAS DE CÁLCULO OK'!M311 -> 38 | H21: =+'APU (Entidad) '!N891 -> 102516 | I21: =ROUND(G21*H21,0) -> 3895608
D22: 3.6 | E22: SUMINISTRO Y APLICACIÓN DE PINTURA EN ESMALTE 3 EN 1 EXTERIOR A DOS MANOS PARA GUAYA Y PENDOLONES | F22: ML | G22: =+'MEMORIAS DE CÁLCULO OK'!M340 -> 255 | H22: =+'APU (Entidad) '!N974 -> 20773 | I22: =ROUND(G22*H22,0) -> 5297115
D23: 3.7 | E23: SUMINISTRO E INSTALACIÓN DE CORTA-VIENTOS EN CABLE DE 6X36 AA Ø 3/8" | F23: ML | G23: =+'MEMORIAS DE CÁLCULO OK'!M369 -> 100 | H23: =+'APU (Entidad) '!N1056 -> 37576 | I23: =ROUND(G23*H23,0) -> 3757600
D24: SUBTOTAL OBRA | I24: =SUM(I17:I23,I13:I15,I9:I11) -> 59991137
E26: VALOR TOTAL | I26: =I24 -> 59991137
D29: NOTA 1: Se debe tener en cuenta que el PRECIO UNITARIO incluye el valor de A.I.U. | F29: DESCRIPCION | I29: PORCENTAJE
D30: NOTA 2: Cuando la fracción decimal del peso sea igual o superior a 5 se aproximará por exceso al número entero siguiente del peso y cuando la fracción decimal del peso sea inferior a 5 se aproximará por defecto al número entero del peso. | F30: ADMINISTRACIÓN | H30: A= | I30: 0.24
D31: NOTA 3: El A.I.U y su discriminación deben estar en porcentaje (%). | F31: IMPREVISTO | H31: I= | I31: 0.02
F32: UTILIDAD | H32: U= | I32: 0.07
F33: TOTAL A.I.U | H33: A.I.U.= | I33: =SUM(I30:I32) -> 0.33
E40: Proyecto:______________________________________ | G40: Aprobo: _____________________________________
E41: Nombre: CARLOS HUMBERTO DAZA GUTIERREZ | G41: Nombre: JESÚS IVÁN QUIÑONES RUEDA
E42: Apoyo a la Secretaria de Planeacion y Obras Publicas | G42: Secretaro de Planeacion y Obras Publicas
G43: Matricula No. : A21382020-1090480860

Sheet APU (Entidad) 
C9: MUNICIPIO DE CUBARÁ
C10: DEPARTAMENTO DE BOYACÁ | K10: VERSIÓN
C11: SECRETARIA DE PLANEACION Y OBRAS PUBLICAS
K12: PÁGINA | L12: 1 | M12: DE | N12: =+N997 -> 13
C14: ANALISIS DE PRECIOS UNITARIOS
K16: FECHA | L16: DD | M16: MM | N16: AA
L17: 22 | M17: 9 | N17: 2026
B20: OBJETO: MEJORAMIENTO DE LA TRANSITABILIDAD EN CAMINOS ANCESTRALES DE LA COMUNIDAD DE AGUABLANCA MEDIANTE EL MANTENIMIENTO DE DOS PUENTES PEATONALES EN EL RESGUARDO INDÍGENA UNIDO U'WA.
B22: DATOS ESPECÍFICOS
B24: ÍTEM | C24: DESCRIPCIÓN | L24: UNIDAD | N24: CANTIDAD
B25: =+'PRESUPUESTO OFICIAL (Entidad.)'!D9 -> 1.1 | C25: =+'PRESUPUESTO OFICIAL (Entidad.)'!E9 -> LIMPIEZA Y ROCERÍA MANUAL CON UN ANCHO DE 3,0 METROS | L25: =+'PRESUPUESTO OFICIAL (Entidad.)'!F9 -> M2 | N25: 1
B26: I. EQUIPO
B29: DESCRIPCIÓN | G29: MARCA | I29: TIPO | K29: TARIFA/HORA | L29: RENDIMIENTO | N29: Vr. UNITARIO
B30: HERRAMIENTA MENOR | C30: HERRAMIENTA MENOR | D30: HERRAMIENTA MENOR | E30: HERRAMIENTA MENOR | F30: HERRAMIENTA MENOR | I30: M.O. | J30: M.O. | K30: =N59 -> 619.086 | L30: 0.1 | M30: 0.1 | N30: =K30*L30 -> 61.9086
B33: SUBTOTAL $ | N33: =SUM(N30:N31) -> 61.9086
B34: II. MATERIALES
B37: DESCRIPCIÓN | J37: UNIDAD | K37: CANTIDAD | L37: PRECIO UNIT. | N37: Vr. UNITARIO
C41: HILO | D41: HILO | E41: HILO | F41: HILO | G41: HILO | H41: HILO | I41: HILO | M41: 6500
J43: % | K43: 0.05 | L43: =SUM(N38:N41) -> 0 | N43: =ROUND(L43*K43,2) -> 0
B44: SUBTOTAL $ | N44: =SUM(N38:N43) -> 0
B45: III. TRANSPORTES
B48: MATERIAL | I48: VOL. o PESO | J48: DISTANCIA | K48: M3 o Ton/Km | L48: TARIFA | N48: Vr. UNITARIO
B51: SUBTOTAL $
B52: IV. MANO DE OBRA
B55: TRABAJADOR | I55: JORNAL | J55: PRESTACIONES | K55: JORNAL TOTAL | L55: RENDIMIENTO | N55: Vr. UNITARIO
B56: AYUDANTE (02) | C56: TOPÓGRAFO | D56: TOPÓGRAFO | E56: TOPÓGRAFO | F56: TOPÓGRAFO | G56: TOPÓGRAFO | H56: TOPÓGRAFO | I56: =71433*2 -> 142866 | J56: 0.95 | K56: =+I56*(1+J56) -> 278588.7 | L56: 450 | N56: =K56/L56 -> 619.086
B59: SUBTOTAL $ | N59: =SUM(N56:N58) -> 619.086
B61: TOTAL COSTO DIRECTO $ | N61: =ROUND(N33+N44+N51+N59,0) -> 681
B62: V. COSTOS INDIRECTOS
B65: Descripción | K65: Porcentaje | L65: Valor Total
B66: ADMINISTRACION | K66: 0.24 | L66: =N61*K66 -> 163.44
B67: IMPREVISTOS | K67: 0.02 | L67: =N61*K67 -> 13.62
B68: UTILIDAD | K68: 0.07 | L68: =N61*K68 -> 47.67
B69: SUBTOTAL $ | N69: =ROUND(SUM(L66:M68),0) -> 225
B71: Precio Unitario Total Aproximado al peso $ | N71: =N61+N69 -> 906
C74: Proyectó | J74: Vo. Bo. Secretario
C78: CARLOS HUMBERTO DAZA GUTIERREZ | J78: JESÚS IVÁN QUIÑONES RUEDA
C79: Apoyo a la Secretaria de Planeacion y Obras Publicas | J79: Secretario de Planeacion y Obras Publicas
C91: MUNICIPIO DE CUBARÁ
C92: DEPARTAMENTO DE BOYACÁ | K92: VERSIÓN
C93: SECRETARIA DE PLANEACION Y OBRAS PUBLICAS
K94: PÁGINA | L94: 2 | M94: DE | N94: =$N$12 -> 13
C96: ANALISIS DE PRECIOS UNITARIOS
K98: FECHA | L98: DD | M98: MM | N98: AA
L99: =+$L$17 -> 22 | M99: =+$M$17 -> 9 | N99: =+$N$17 -> 2026
C102: OBJETO: MEJORAMIENTO DE LA TRANSITABILIDAD EN CAMINOS ANCESTRALES DE LA COMUNIDAD DE AGUABLANCA MEDIANTE EL MANTENIMIENTO DE DOS PUENTES PEATONALES EN EL RESGUARDO INDÍGENA UNIDO U'WA.
B104: DATOS ESPECÍFICOS
B106: ÍTEM | C106: DESCRIPCIÓN | L106: UNIDAD | N106: CANTIDAD
B107: =+'PRESUPUESTO OFICIAL (Entidad.)'!D10 -> 1.2 | C107: =+'PRESUPUESTO OFICIAL (Entidad.)'!E10 -> DESMONTE DE MADERA EXISTENTE (TABLAS, DURMIENTES Y LARGUEROS) | L107: =+'PRESUPUESTO OFICIAL (Entidad.)'!F10 -> M2 | N107: 1
B108: I. EQUIPO
B111: DESCRIPCIÓN | G111: MARCA | I111: TIPO | K111: TARIFA/HORA | L111: RENDIMIENTO | N111: Vr. UNITARIO
B112: HERRAMIENTA MENOR | C112: HERRAMIENTA MENOR | D112: HERRAMIENTA MENOR | E112: HERRAMIENTA MENOR | F112: HERRAMIENTA MENOR | I112: M.O. | J112: M.O. | K112: =N141 -> 7252.3967 | L112: 0.1 | M112: 0.1 | N112: =K112*L112 -> 725.23967
B113: ARNES, ESLINGA SENCILLA Y CONECTOR DE ANCLAJE | I113: DIA | J113: M.O. | K113: 149960 | L113: =+L138 -> 45 | M113: 100 | N113: =K113/L113 -> 3332.4444
B115: SUBTOTAL $ | N115: =SUM(N112:N113) -> 4057.6841
B116: II. MATERIALES
B119: DESCRIPCIÓN | J119: UNIDAD | K119: CANTIDAD | L119: PRECIO UNIT. | N119: Vr. UNITARIO
C123: HILO | D123: HILO | E123: HILO | F123: HILO | G123: HILO | H123: HILO | I123: HILO | M123: 6500
J125: % | K125: 0.05 | L125: =SUM(N120:N123) -> 0 | N125: =ROUND(L125*K125,2) -> 0
B126: SUBTOTAL $ | N126: =SUM(N120:N125) -> 0
B127: III. TRANSPORTES
B130: MATERIAL | I130: VOL. o PESO | J130: DISTANCIA | K130: M3 o Ton/Km | L130: TARIFA | N130: Vr. UNITARIO
B133: SUBTOTAL $
B134: IV. MANO DE OBRA
B137: TRABAJADOR | I137: JORNAL | J137: PRESTACIONES | K137: JORNAL TOTAL | L137: RENDIMIENTO | N137: Vr. UNITARIO
B138: AYUDANTE (01) | C138: TOPÓGRAFO | D138: TOPÓGRAFO | E138: TOPÓGRAFO | F138: TOPÓGRAFO | G138: TOPÓGRAFO | H138: TOPÓGRAFO | I138: 71433 | J138: 0.95 | K138: =+I138*(1+J138) -> 139294.35 | L138: 45 | N138: =K138/L138 -> 3095.43
B139: OFICIAL (01) | I139: 95930 | J139: 0.95 | K139: =+I139*(1+J139) -> 187063.5 | L139: =+L138 -> 45 | N139: =K139/L139 -> 4156.9667
B141: SUBTOTAL $ | N141: =SUM(N138:N139) -> 7252.3967
B143: TOTAL COSTO DIRECTO $ | N143: =ROUND(N115+N126+N133+N141,0) -> 11310
B144: V. COSTOS INDIRECTOS
B147: Descripción | K147: Porcentaje | L147: Valor Total
B148: ADMINISTRACION | K148: 0.24 | L148: =+N143*K148 -> 2714.4
B149: IMPREVISTOS | K149: 0.02 | L149: =+N143*K149 -> 226.2
B150: UTILIDAD | K150: 0.07 | L150: =+N143*K150 -> 791.7
B151: SUBTOTAL $ | N151: =ROUND(SUM(L148:M150),0) -> 3732
B153: Precio Unitario Total Aproximado al peso $ | N153: =N143+N151 -> 15042
C156: Proyectó | J156: Vo. Bo. Secretario
C160: CARLOS HUMBERTO DAZA GUTIERREZ | J160: JESÚS IVÁN QUIÑONES RUEDA
C161: Apoyo a la Secretaria de Planeacion y Obras Publicas | J161: Secretario de Planeacion y Obras Publicas
C173: MUNICIPIO DE CUBARÁ
C174: DEPARTAMENTO DE BOYACÁ | K174: VERSIÓN
C175: SECRETARIA DE PLANEACION Y OBRAS PUBLICAS
K176: PÁGINA | L176: 3 | M176: DE | N176: =$N$12 -> 13
C178: ANALISIS DE PRECIOS UNITARIOS
K180: FECHA | L180: DD | M180: MM | N180: AA
L181: =+$L$17 -> 22 | M181: =+$M$17 -> 9 | N181: =+$N$17 -> 2026
C183: OBJETO: MEJORAMIENTO DE LA TRANSITABILIDAD EN CAMINOS ANCESTRALES DE LA COMUNIDAD DE AGUABLANCA MEDIANTE EL MANTENIMIENTO DE DOS PUENTES PEATONALES EN EL RESGUARDO INDÍGENA UNIDO U'WA.
B186: DATOS ESPECÍFICOS
B188: ÍTEM | C188: DESCRIPCIÓN | L188: UNIDAD | N188: CANTIDAD
B189: =+'PRESUPUESTO OFICIAL (Entidad.)'!D11 -> 1.3 | C189: =+'PRESUPUESTO OFICIAL (Entidad.)'!E11 -> LIMPIEZA MANUAL DE GUAYA PRINCIPAL Y PENDOLONES | L189: =+'PRESUPUESTO OFICIAL (Entidad.)'!F11 -> ML | N189: 1
B190: I. EQUIPO
B193: DESCRIPCIÓN | G193: MARCA | I193: TIPO | K193: TARIFA/HORA | L193: RENDIMIENTO | N193: Vr. UNITARIO
B194: HERRAMIENTA MENOR | C194: HERRAMIENTA MENOR | D194: HERRAMIENTA MENOR | E194: HERRAMIENTA MENOR | F194: HERRAMIENTA MENOR | I194: M.O. | J194: M.O. | K194: =N223 -> 3435.3458 | L194: 0.1 | M194: 0.1 | N194: =K194*L194 -> 343.53458
B195: ARNES, ESLINGA SENCILLA Y CONECTOR DE ANCLAJE | I195: DIA | J195: M.O. | K195: 149960 | L195: =+L220 -> 95 | M195: 100 | N195: =K195/L195 -> 1578.5263
B197: SUBTOTAL $ | N197: =SUM(N194:N195) -> 1922.0609
B198: II. MATERIALES
B201: DESCRIPCIÓN | J201: UNIDAD | K201: CANTIDAD | L201: PRECIO UNIT. | N201: Vr. UNITARIO
B202: PRODUCTOS DE LIMPIEZA (DETERGENTES, LIMPIADORES, ÁCIDOS, ETC.) | J202: UND | K202: 1 | L202: 520 | N202: =K202*L202 -> 520
B203: AGUA | J203: LT | K203: 5 | L203: 3.65 | N203: =K203*L203 -> 18.25
C205: HILO | D205: HILO | E205: HILO | F205: HILO | G205: HILO | H205: HILO | I205: HILO | M205: 6500
J207: % | K207: 0.05 | L207: =SUM(N202:N205) -> 538.25 | N207: =ROUND(L207*K207,2) -> 26.91
...

Sheet MEMORIAS DE CÁLCULO OK
D2: DIRECCIONAMIENTO ESTRATÉGICO | L2: Código: DIE-01-M03-F16 Versión: 03
D4: FORMATO DE CANTIDADES DE OBRA | L4: Fecha: 02/07/2024
B6: SECRETARÍA DE PLANEACIÓN Y OBRAS PÚBLICAS
B7: =+'PRESUPUESTO OFICIAL (Entidad.)'!D5 -> OBJETO: MEJORAMIENTO DE LA TRANSITABILIDAD EN CAMINOS ANCESTRALES DE LA COMUNIDAD DE AGUABLANCA MEDIANTE EL MANTENIMIENTO DE DOS PUENTES PEATONALES EN EL RESGUARDO INDÍGENA UNIDO U'WA.
B9: MEMORIAS DE CALCULO
B10: ÍTEM | C10: PRELIMINARES | G10: =+'PRESUPUESTO OFICIAL (Entidad.)'!D9 -> 1.1 | M10: UNIDAD:
B11: 1. | G11: =+'PRESUPUESTO OFICIAL (Entidad.)'!E9 -> LIMPIEZA Y ROCERÍA MANUAL CON UN ANCHO DE 3,0 METROS | M11: =+'PRESUPUESTO OFICIAL (Entidad.)'!F9 -> M2
G12: UBICACIÓN | H12: MEDIDAS | K12: AREA | L12: CANTIDAD | M12: TOTAL
H13: LONG | I13: ANCHO | J13: ALTURA
G14: Area de intervención Puente 1 | H14: 45 | I14: 2 | K14: =((H14*I14)) -> 90 | L14: 1 | M14: =ROUND(L14*K14,2) -> 90
G15: Area de intervención Puente 2 | H15: 20 | I15: 2 | K15: =((H15*I15)) -> 40 | L15: 1 | M15: =ROUND(L15*K15,2) -> 40
B21: PLANO/DISEÑO A CONSULTAR | D21: N/A | G21: TOTAL | M21: =ROUND(SUM(M14:M20),2) -> 130
B23: Proyecto: | H23: Aprobó:
B25: _________________________________________________________ | H25: _________________________________________________________
B26: CARLOS HUMBERTO DAZA GUTIERREZ | H26: JESÚS IVÁN QUIÑONES RUEDA
B27: Apoyo a la Sec. De Planeación y Obras Públicas. | H27: Secretario de Planeación y Obras Públicas
H28: Matricula No. A21382020-1090480860
D31: DIRECCIONAMIENTO ESTRATÉGICO | L31: Código: DIE-01-M03-F16 Versión: 03
D33: FORMATO DE CANTIDADES DE OBRA | L33: Fecha: 02/07/2024
B35: SECRETARÍA DE PLANEACIÓN Y OBRAS PÚBLICAS
B36: =+B7 -> OBJETO: MEJORAMIENTO DE LA TRANSITABILIDAD EN CAMINOS ANCESTRALES DE LA COMUNIDAD DE AGUABLANCA MEDIANTE EL MANTENIMIENTO DE DOS PUENTES PEATONALES EN EL RESGUARDO INDÍGENA UNIDO U'WA.
B38: MEMORIAS DE CALCULO
B39: ÍTEM | C39: PRELIMINARES | G39: =+'PRESUPUESTO OFICIAL (Entidad.)'!D10 -> 1.2 | M39: UNIDAD:
B40: 1. | G40: =+'PRESUPUESTO OFICIAL (Entidad.)'!E10 -> DESMONTE DE MADERA EXISTENTE (TABLAS, DURMIENTES Y LARGUEROS) | M40: =+'PRESUPUESTO OFICIAL (Entidad.)'!F10 -> M2
G41: UBICACIÓN | H41: MEDIDAS | K41: AREA | L41: CANTIDAD | M41: TOTAL
H42: LONG | I42: ANCHO | J42: ALTURA
G43: Madera Existente Puente 1 | H43: 45 | I43: 2.5 | K43: =H43*I43 -> 112.5 | L43: 1 | M43: =ROUND(L43*K43,2) -> 112.5
G44: Madera Existente Puente 2 | H44: 20 | I44: 2.5 | K44: =H44*I44 -> 50 | L44: 1 | M44: =ROUND(L44*K44,2) -> 50
B50: PLANO/DISEÑO A CONSULTAR | D50: N/A | G50: TOTAL | M50: =ROUND(SUM(M43:M49),2) -> 162.5
B52: Proyecto: | H52: Aprobó:
B54: _________________________________________________________ | H54: _________________________________________________________
B55: CARLOS HUMBERTO DAZA GUTIERREZ | H55: JESÚS IVÁN QUIÑONES RUEDA
B56: Apoyo a la Sec. De Planeación y Obras Públicas. | H56: Secretario de Planeación y Obras Públicas
H57: Matricula No. A21382020-1090480860
D60: DIRECCIONAMIENTO ESTRATÉGICO | L60: Código: DIE-01-M03-F16 Versión: 03
D62: FORMATO DE CANTIDADES DE OBRA | L62: Fecha: 02/07/2024
B64: SECRETARÍA DE PLANEACIÓN Y OBRAS PÚBLICAS
B65: =+B7 -> OBJETO: MEJORAMIENTO DE LA TRANSITABILIDAD EN CAMINOS ANCESTRALES DE LA COMUNIDAD DE AGUABLANCA MEDIANTE EL MANTENIMIENTO DE DOS PUENTES PEATONALES EN EL RESGUARDO INDÍGENA UNIDO U'WA.
B67: MEMORIAS DE CALCULO
B68: ÍTEM | C68: PRELIMINARES | G68: =+'PRESUPUESTO OFICIAL (Entidad.)'!D11 -> 1.3 | M68: UNIDAD:
B69: 1. | G69: =+'PRESUPUESTO OFICIAL (Entidad.)'!E11 -> LIMPIEZA MANUAL DE GUAYA PRINCIPAL Y PENDOLONES | M69: =+'PRESUPUESTO OFICIAL (Entidad.)'!F11 -> ML
G70: UBICACIÓN | H70: MEDIDAS | K70: AREA | L70: CANTIDAD | M70: TOTAL
H71: LONG | I71: DIAMETRO | J71: PERIMETRO
G72: Cable de Acero 1" Puente 1 | H72: 120 | L72: 1 | M72: =ROUND(L72*H72,2) -> 120
G73: Cable de Acero 1" Puente 2 | H73: 40 | L73: 1 | M73: =ROUND(L73*H73,2) -> 40
G74: Pendolones en D=1/2" | H74: 2.5 | L74: =+(35*2)+(10*2) -> 90 | M74: =ROUND(L74*H74,2) -> 225
B79: PLANO/DISEÑO A CONSULTAR | D79: N/A | G79: TOTAL | M79: =ROUND(SUM(M72:M78),2) -> 385
B81: Proyecto: | H81: Aprobó:
B83: _________________________________________________________ | H83: _________________________________________________________
B84: CARLOS HUMBERTO DAZA GUTIERREZ | H84: JESÚS IVÁN QUIÑONES RUEDA
B85: Apoyo a la Sec. De Planeación y Obras Públicas. | H85: Secretario de Planeación y Obras Públicas
H86: Matricula No. A21382020-1090480860
D89: DIRECCIONAMIENTO ESTRATÉGICO | L89: Código: DIE-01-M03-F16 Versión: 03
D91: FORMATO DE CANTIDADES DE OBRA | L91: Fecha: 02/07/2024
B93: SECRETARÍA DE PLANEACIÓN Y OBRAS PÚBLICAS
B94: =+B7 -> OBJETO: MEJORAMIENTO DE LA TRANSITABILIDAD EN CAMINOS ANCESTRALES DE LA COMUNIDAD DE AGUABLANCA MEDIANTE EL MANTENIMIENTO DE DOS PUENTES PEATONALES EN EL RESGUARDO INDÍGENA UNIDO U'WA.
B96: MEMORIAS DE CALCULO
B97: ÍTEM | C97: =+'PRESUPUESTO OFICIAL (Entidad.)'!E12 -> CORTE Y TRANSPORTE DE MADERA | G97: =+'PRESUPUESTO OFICIAL (Entidad.)'!D13 -> 2.1 | M97: UNIDAD:
B98: =+'PRESUPUESTO OFICIAL (Entidad.)'!D12 -> 2. | G98: =+'PRESUPUESTO OFICIAL (Entidad.)'!E13 -> CORTE Y TRANSPORTE (1 KM) DE TABLAS EN MADERA INMUNIZADA 0,30m x 0,03m | M98: =+'PRESUPUESTO OFICIAL (Entidad.)'!F13 -> ML
G99: UBICACIÓN | H99: MEDIDAS | K99: LONGITUD | L99: CANTIDAD | M99: TOTAL | P99: =45/0.3 -> 150
H100: ANCHO DE LA TABLA | I100: ANCHO DEL PISO | J100: LONGITUD DEL PISO | P100: =+P99*2.3 -> 345
G101: Tablas Para Piso Puente 1 | H101: 0.3 | I101: 2.3 | J101: 45 | K101: =+(J101/H101)*I101 -> 345 | L101: 1 | M101: =ROUND(L101*K101,2) -> 345
G102: Tablas Para Piso Puente 2 | H102: 0.3 | I102: 2.3 | J102: 20 | K102: =+(J102/H102)*I102 -> 153.33333 | L102: 1 | M102: =ROUND(L102*K102,2) -> 153.33 | P102: =+J102/0.3 -> 66.666667
P103: =+P102*2.3 -> 153.33333
B108: PLANO/DISEÑO A CONSULTAR | D108: N/A | G108: TOTAL | M108: =ROUND(SUM(M101:M107),2) -> 498.33
B110: Proyecto: | H110: Aprobó:
B112: _________________________________________________________ | H112: _________________________________________________________
B113: CARLOS HUMBERTO DAZA GUTIERREZ | H113: JESÚS IVÁN QUIÑONES RUEDA
B114: Apoyo a la Sec. De Planeación y Obras Públicas. | H114: Secretario de Planeación y Obras Públicas
H115: Matricula No. A21382020-1090480860
D118: DIRECCIONAMIENTO ESTRATÉGICO | L118: Código: DIE-01-M03-F16 Versión: 03
D120: FORMATO DE CANTIDADES DE OBRA | L120: Fecha: 02/07/2024
B122: SECRETARÍA DE PLANEACIÓN Y OBRAS PÚBLICAS
B123: OBJETO: MEJORAMIENTO DE LA TRANSITABILIDAD EN CAMINOS ANCESTRALES DE LA COMUNIDAD DE AGUABLANCA MEDIANTE EL MANTENIMIENTO DE DOS PUENTES PEATONALES EN EL RESGUARDO INDÍGENA UNIDO U'WA.
B125: MEMORIAS DE CALCULO
B126: ÍTEM | C126: =+'PRESUPUESTO OFICIAL (Entidad.)'!E12 -> CORTE Y TRANSPORTE DE MADERA | G126: =+'PRESUPUESTO OFICIAL (Entidad.)'!D14 -> 2.2 | M126: UNIDAD:
B127: =+'PRESUPUESTO OFICIAL (Entidad.)'!D12 -> 2. | G127: =+'PRESUPUESTO OFICIAL (Entidad.)'!E14 -> CORTE Y TRANSPORTE (1 KM) DE CUARTÓN EN MADERA INMUNIZADA 0,10m x 0,10m | M127: =+'PRESUPUESTO OFICIAL (Entidad.)'!F14 -> ML
G128: UBICACIÓN | H128: MEDIDAS | K128: LONGITUD | L128: CANTIDAD | M128: TOTAL
H129: SEPARACIÓN ENTRE CUARTÓN | I129: ANCHO DEL PUENTE | J129: LONGITUD DEL PISO | P129: =+I130/H130 -> 2.875 | Q129: =+P129*45 -> 129.375
G130: Cuartón Para Soporte Piso (Larguero) Puente 1 | H130: 0.8 | I130: 2.3 | J130: 45 | K130: =(1+(I130/H130))*J130 -> 174.375 | L130: 1 | M130: =ROUND(L130*K130,2) -> 174.38 | P130: =+I131/H131 -> 2.875 | Q130: =+P130*20 -> 57.5
G131: Cuartón Para Soporte Piso (Larguero) Puente 2 | H131: 0.8 | I131: 2.3 | J131: 20 | K131: =(1+(I131/H131))*J131 -> 77.5 | L131: 1 | M131: =ROUND(L131*K131,2) -> 77.5
P132: =1+(I130/H130) -> 3.875 | Q132: 50 | R132: =+K130/3 -> 58.125 | S132: =+Q132*3 -> 150
P133: =1+(J131/H131) -> 26 | Q133: 15 | R133: =+K131/3 -> 25.833333 | S133: =+Q133*3 -> 45
B137: PLANO/DISEÑO A CONSULTAR | D137: Diseño Arquitectónico | G137: TOTAL | M137: =ROUND(SUM(M130:M136),2) -> 251.88
B139: Proyecto: | H139: Aprobó:
B141: _________________________________________________________ | H141: _________________________________________________________
B142: CARLOS HUMBERTO DAZA GUTIERREZ | H142: JESÚS IVÁN QUIÑONES RUEDA
B143: Apoyo a la Sec. De Planeación y Obras Públicas. | H143: Secretario de Planeación y Obras Públicas
H144: Matricula No. A21382020-1090480860
D147: DIRECCIONAMIENTO ESTRATÉGICO | L147: Código: DIE-01-M03-F16 Versión: 03
D149: FORMATO DE CANTIDADES DE OBRA | L149: Fecha: 02/07/2024
B151: SECRETARÍA DE PLANEACIÓN Y OBRAS PÚBLICAS
B152: =+B7 -> OBJETO: MEJORAMIENTO DE LA TRANSITABILIDAD EN CAMINOS ANCESTRALES DE LA COMUNIDAD DE AGUABLANCA MEDIANTE EL MANTENIMIENTO DE DOS PUENTES PEATONALES EN EL RESGUARDO INDÍGENA UNIDO U'WA.
B154: MEMORIAS DE CALCULO
B155: ÍTEM | C155: =+'PRESUPUESTO OFICIAL (Entidad.)'!E12 -> CORTE Y TRANSPORTE DE MADERA | G155: =+'PRESUPUESTO OFICIAL (Entidad.)'!D15 -> 2.3 | M155: UNIDAD:
B156: =+'PRESUPUESTO OFICIAL (Entidad.)'!D12 -> 2. | G156: =+'PRESUPUESTO OFICIAL (Entidad.)'!E15 -> CORTE Y TRANSPORTE (1 KM) DE CUARTÓN EN MADERA INMUNIZADA 0,12m x 0,18m | M156: =+'PRESUPUESTO OFICIAL (Entidad.)'!F15 -> ML
G157: UBICACIÓN | H157: MEDIDAS | K157: LONGITUD | L157: CANTIDAD | M157: TOTAL
H158: SEPARACIÓN ENTRE CUARTÓN | I158: LONGITUD CUARTÓN | J158: LONGITUD DEL PISO
G159: Cuartón Para Soporte Piso (Durmiente) Puente 1 | H159: 1.32 | I159: 2.5 | J159: 45 | K159: =(1+(J159/H159))*I159 -> 87.727273 | L159: 1 | M159: =ROUND(L159*K159,2) -> 87.73
G160: Cuartón Para Soporte Piso (Durmiente) Puente 2 | H160: 2.2 | I160: 2.5 | J160: 20 | K160: =(1+(J160/H160))*I160 -> 25.227273 | L160: 1 | M160: =ROUND(L160*K160,2) -> 25.23
...

Sheet CRONOGRAMA
D2: DIRECCIONAMIENTO ESTRATÉGICO
D3: CRONOGRAMA
B4: OBJETO: MEJORAMIENTO DE LA TRANSITABILIDAD EN CAMINOS ANCESTRALES DE LA COMUNIDAD DE AGUABLANCA MEDIANTE EL MANTENIMIENTO DE DOS PUENTES PEATONALES EN EL RESGUARDO INDÍGENA UNIDO U'WA.
B6: ACTIVIDADES
B7: ITEM | C7: DESCRIPCION | E7: UND | F7: CANT | G7: VALOR UNITARIO | H7: MES #1 | L7: VALOR TOTAL
H8: Sem. 01 | I8: Sem. 02 | J8: Sem. 03 | K8: Sem. 04
B9: 1.1 | C9: LIMPIEZA Y ROCERÍA MANUAL CON UN ANCHO DE 3,0 METROS | D9: HA | E9: M2 | F9: 130 | G9: 906 | K9: X | L9: =F9*G9 -> 117780
B10: 1.2 | C10: DESMONTE DE MADERA EXISTENTE (TABLAS, DURMIENTES Y LARGUEROS) | D10: ML | E10: M2 | F10: 162.5 | G10: 15042 | H10: X | L10: =F10*G10 -> 2444325
B11: 1.3 | C11: LIMPIEZA MANUAL DE GUAYA PRINCIPAL Y PENDOLONES | D11: M2 | E11: ML | F11: 385 | G11: 9349 | H11: X | L11: =F11*G11 -> 3599365
B12: 2.1 | C12: CORTE Y TRANSPORTE (1 KM) DE TABLAS EN MADERA INMUNIZADA 0,30m x 0,03m | D12: ML | E12: ML | F12: 498.33 | G12: 30283 | H12: X | L12: =ROUND(F12*G12,0) -> 15090927
B13: 2.2 | C13: CORTE Y TRANSPORTE (1 KM) DE CUARTÓN EN MADERA INMUNIZADA 0,10m x 0,10m | D13: M2 | E13: ML | F13: 251.88 | G13: 22300 | H13: X | L13: =F13*G13 -> 5616924
B14: 2.3 | C14: CORTE Y TRANSPORTE (1 KM) DE CUARTÓN EN MADERA INMUNIZADA 0,12m x 0,18m | D14: ML | E14: ML | F14: 112.96 | G14: 34234 | H14: X | L14: =ROUND(F14*G14,0) -> 3867073
B15: 3.1 | C15: TENSIONAMIENTO DE GUAYA PRINCIPAL DE 1” | D15: ML | E15: ML | F15: 170 | G15: 19961 | I15: X | L15: =F15*G15 -> 3393370
B16: 3.2 | C16: INSTALACIÓN DE SOPORTE PARA PISO (DURMIENTE) EN CUARTÓN (0,12m X 0,18m X 2,50m) | E16: UND | F16: 45 | G16: 59789 | I16: X | L16: =F16*G16 -> 2690505
B17: 3.3 | C17: INSTALACIÓN DE SOPORTE PARA PISO (LARGUERO) EN CUARTÓN (0,10m X 0,10m X 3,00m) | E17: UND | F17: 87 | G17: 38719 | I17: X | L17: =F17*G17 -> 3368553
B18: 3.4 | C18: INSTALACIÓN DE PISO EN TABLA EN MADERA (0,20m X 0.03m X 2,30m) | E18: UND | F18: 217 | G18: 31576 | J18: X | L18: =F18*G18 -> 6851992
B19: 3.5 | C19: REPOSICIÓN DE PENDOLONES EN VARILLA LISA DE ACERO LONG. PROM= 2,5 MTS | E19: UND | F19: 38 | G19: 102516 | J19: X | L19: =F19*G19 -> 3895608
B20: 3.6 | C20: SUMINISTRO Y APLICACIÓN DE PINTURA EN ESMALTE 3 EN 1 EXTERIOR A DOS MANOS PARA GUAYA Y PENDOLONES | E20: ML | F20: 255 | G20: 20773 | K20: X | L20: =F20*G20 -> 5297115
B21: 3.7 | C21: SUMINISTRO E INSTALACIÓN DE CORTA-VIENTOS EN CABLE DE 6X36 AA Ø 3/8" | E21: ML | F21: 100 | G21: 37576 | K21: X | L21: =F21*G21 -> 3757600
B22: VALOR TOTAL | L22: 59991137
C23: Proyectó | H23: Vo. Bo. Secretario
C27: CARLOS HUMBERTO DAZA GUTIERREZ | H27: JESUS ÍVAN QUIÑONES RUEDA
C28: Apoyo A La Secretaria De Planeación Y Obras Publicas | H28: Secretario De Planeación Y Obras Publicas

Sheet FLUJO DE FONDOS
D2: DIRECCIONAMIENTO ESTRATÉGICO
D3: FLUJO DE FONDOS
B4: OBJETO: MEJORAMIENTO DE LA TRANSITABILIDAD EN CAMINOS ANCESTRALES DE LA COMUNIDAD DE AGUABLANCA MEDIANTE EL MANTENIMIENTO DE DOS PUENTES PEATONALES EN EL RESGUARDO INDÍGENA UNIDO U'WA.
B6: ACTIVIDADES
B7: ITEM | C7: DESCRIPCION | E7: UND | F7: CANT | G7: VALOR UNITARIO | H7: MES #1 | L7: VALOR TOTAL
H8: Sem. 01 | I8: Sem. 02 | J8: Sem. 03 | K8: Sem. 04
B9: 1.1 | C9: LIMPIEZA Y ROCERÍA MANUAL CON UN ANCHO DE 3,0 METROS | E9: M2 | F9: 130 | G9: 906 | K9: =F9*G9 -> 117780 | L9: =K9 -> 117780
B10: 1.2 | C10: DESMONTE DE MADERA EXISTENTE (TABLAS, DURMIENTES Y LARGUEROS) | E10: M2 | F10: 162.5 | G10: 15042 | H10: =F10*G10 -> 2444325 | L10: =H10 -> 2444325
B11: 1.3 | C11: LIMPIEZA MANUAL DE GUAYA PRINCIPAL Y PENDOLONES | E11: ML | F11: 385 | G11: 9349 | H11: =F11*G11 -> 3599365 | L11: =H11 -> 3599365
B12: 2.1 | C12: CORTE Y TRANSPORTE (1 KM) DE TABLAS EN MADERA INMUNIZADA 0,30m x 0,03m | E12: ML | F12: 498.33 | G12: 30283 | H12: =ROUND(F12*G12,0) -> 15090927 | L12: =H12 -> 15090927
B13: 2.2 | C13: CORTE Y TRANSPORTE (1 KM) DE CUARTÓN EN MADERA INMUNIZADA 0,10m x 0,10m | E13: ML | F13: 251.88 | G13: 22300 | H13: =F13*G13 -> 5616924 | L13: =H13 -> 5616924
B14: 2.3 | C14: CORTE Y TRANSPORTE (1 KM) DE CUARTÓN EN MADERA INMUNIZADA 0,12m x 0,18m | E14: ML | F14: 112.96 | G14: 34234 | H14: =ROUND(F14*G14,0) -> 3867073 | L14: =H14 -> 3867073
B15: 3.1 | C15: TENSIONAMIENTO DE GUAYA PRINCIPAL DE 1” | E15: ML | F15: 170 | G15: 19961 | I15: =F15*G15 -> 3393370 | L15: =I15 -> 3393370
B16: 3.2 | C16: INSTALACIÓN DE SOPORTE PARA PISO (DURMIENTE) EN CUARTÓN (0,12m X 0,18m X 2,50m) | E16: UND | F16: 45 | G16: 59789 | I16: =F16*G16 -> 2690505 | L16: =I16 -> 2690505
B17: 3.3 | C17: INSTALACIÓN DE SOPORTE PARA PISO (LARGUERO) EN CUARTÓN (0,10m X 0,10m X 3,00m) | E17: UND | F17: 87 | G17: 38719 | I17: =F17*G17 -> 3368553 | L17: =I17 -> 3368553
B18: 3.4 | C18: INSTALACIÓN DE PISO EN TABLA EN MADERA (0,20m X 0.03m X 2,30m) | E18: UND | F18: 217 | G18: 31576 | J18: =F18*G18 -> 6851992 | L18: =J18 -> 6851992
B19: 3.5 | C19: REPOSICIÓN DE PENDOLONES EN VARILLA LISA DE ACERO LONG. PROM= 2,5 MTS | E19: UND | F19: 38 | G19: 102516 | J19: =F19*G19 -> 3895608 | L19: =J19 -> 3895608
B20: 3.6 | C20: SUMINISTRO Y APLICACIÓN DE PINTURA EN ESMALTE 3 EN 1 EXTERIOR A DOS MANOS PARA GUAYA Y PENDOLONES | E20: ML | F20: 255 | G20: 20773 | K20: =F20*G20 -> 5297115 | L20: =K20 -> 5297115
B21: 3.7 | C21: SUMINISTRO E INSTALACIÓN DE CORTA-VIENTOS EN CABLE DE 6X36 AA Ø 3/8" | E21: ML | F21: 100 | G21: 37576 | K21: =F21*G21 -> 3757600 | L21: =K21 -> 3757600
B22: VALOR TOTAL | L22: =SUM(L9:L21) -> 59991137
C23: Proyectó | H23: Vo. Bo. Secretario
C27: CARLOS HUMBERTO DAZA GUTIERREZ | H27: JESUS ÍVAN QUIÑONES RUEDA
C28: Apoyo A La Secretaria De Planeación Y Obras Publicas | H28: Secretario De Planeación Y Obras Publicas

Sheet PRESUPUESTO OFICIAL (Entidad)
C3: Formulario 1 - Propuesta económica - Documento tipo de licitación de obra pública de agua potable y saneamiento básico
C4: Código | D4: CCE-EICP-FM-47 | E4: Versión | F4: 1
C5: FORMULARIO 1
C6: PRESUPUESTO OFICIAL
C7: [La entidad puede utilizar este formulario de detalle del presupuesto oficial para determinar las condiciones bajo las cuales los proponentes analizarán y presentarán su propuesta económica de forma detallada, sin perjuicio que la entidad pueda modificarlo o establecer la presentación de la oferta económica con un formulario distinto al indicado.]
C9: Adicionalmente, cuando el proceso de contratación es estructurado por precios unitarios, la Entidad debe aplicar las notas 1, 2 y 3 del presente formulario y las casillas de "Descripción", "Porcentaje" de la Administración, Imprevisto, Utilidad y total A.I.U. resaltadas en color amarillo. Tratándose de otras modalidades de precio, la Entidad puede o no configurar los mismos aspectos.
C11: Nº | D11: ÍTEM DE PAGO | E11: ESPECIFICACIONES | G11: DESCRIPCIÓN | H11: UND. | I11: CANTIDAD | J11: VALOR UNITARIO | K11: VALOR TOTAL
E12: GENERAL | F12: PARTICULAR
C15: Subtotal
C21: Subtotal
C31: Subtotal
C36: Subtotal
C39: Subtotal
C40: SUBTOTAL OBRAS
G45: SUBTOTAL OBRAS (INCLUYE IVA)
G49: VALOR TOTAL
C52: NOTA 1: Se debe tener en cuenta que el PRECIO UNITARIO incluye el valor de A.I.U. | H52: DESCRIPCION | K52: PORCENTAJE
C53: NOTA 2: Cuando la fracción decimal del peso sea igual o superior a 5 se aproximará por exceso al número entero siguiente del peso y cuando la fracción decimal del peso sea inferior a 5 se aproximará por defecto al número entero del peso. | H53: ADMINISTRACIÓN | J53: A= | K53: [Determinar por la Entidad]
C54: NOTA 3: El A.I.U y su discriminación deben estar en porcentaje (%). | H54: IMPREVISTO | J54: I= | K54: [Determinar por la Entidad]
H55: UTILIDAD | J55: U= | K55: [Determinar por la Entidad]
H56: TOTAL A.I.U | J56: A.I.U.= | K56: [Determinar por la Entidad]

Sheet MEMORIAS (Entidad) (2)
B4: SECRETARÍA DE PLANEACIÓN Y OBRAS PUBLICAS
B5: OBJETO: OPTIMIZACION DEL SISTEMA DE ALCANTARILLADO SANITARIO LA CARRERA 5 ENTRE CALLE 3 Y 4 DEL MUNICIPIO DE CUBARÁ | H5: OPTIMIZACION DEL ALCANTARILLADO SANITARIO DE LA CARRERA 2 ENTRE CALLE 3 Y CALLE 5 DEL BARRIO JARDIN, MUNICIPIO DE CUBARA.
B6: OPTIMIZACION DEL ALCANTARILLADO SANITARIO DE LA CARRERA 2 ENTRE CALLE 3 Y CALLE 5 DEL BARRIO JARDIN, MUNICIPIO DE CUBARA. | H6: OPTIMIZACION DEL ALCANTARILLADO SANITARIO DE LA CARRERA 2 ENTRE CALLE 3 Y CALLE 5 DEL BARRIO JARDIN, MUNICIPIO DE CUBARA.
B7: MEMORIAS DE CALCULO
B8: ÍTEM | C8: =+'PRESUPUESTO OFICIAL (Entidad.)'!E9 -> LIMPIEZA Y ROCERÍA MANUAL CON UN ANCHO DE 3,0 METROS | G8: UNIDAD: | H8: RED DE ALCANTARILLADO SANITARIO
B9: =+'PRESUPUESTO OFICIAL (Entidad.)'!D9 -> 1.1 | H9: ML
G10: UBICACIÓN | H10: MEDIDAS | K10: AREA | L10: CANTIDAD | M10: TOTAL
H11: LONG | I11: ANCHO | J11: ALTURA
G12: TRAMO DE POZO 1 A 2 | H12: 4.62 | L12: 1 | M12: =+L12*H12 -> 4.62
G13: TRAMO DE POZO 2 A 3 | H13: 7.69 | L13: 1 | M13: =+L13*H13 -> 7.69
G14: TRAMO DEL POZO 2 A 4 | H14: 67.31 | L14: 1 | M14: =+L14*H14 -> 67.31
G15: TRAMO DEL POZO 3 A 5 | H15: 58.67 | L15: 1 | M15: =+L15*H15 -> 58.67
G16: TRAMO DEL POZO 5 A 4 | H16: 7.75 | L16: 1 | M16: =+L16*H16 -> 7.75
G17: TRAMO DEL POZO 4 A 6 | H17: 8.99 | L17: 1 | M17: =+L17*H17 -> 8.99
G18: TRAMO CAJA DE INSPECCION 1 | H18: 7.56 | L18: 1 | M18: =+L18*H18 -> 7.56
G19: TRAMO CAJA DE INSPECCION 2 | H19: 7.25 | L19: 1 | M19: =+L19*H19 -> 7.25
G20: TRAMO CAJA DE INSPECCION 3 | H20: 7.26 | L20: 1 | M20: =+L20*H20 -> 7.26
G21: TRAMO CAJA DE INSPECCION 4 | H21: 6.71 | L21: 1 | M21: =+L21*H21 -> 6.71
G22: TRAMO CAJA DE INSPECCION 5 | H22: 6.13 | L22: 1 | M22: =+L22*H22 -> 6.13
G23: TRAMO CAJA DE INSPECCION 6 | H23: 3.19 | L23: 1 | M23: =+L23*H23 -> 3.19
G27: TOTAL DEFINITIVO | M27: =ROUND(SUM(M12:M26),2) -> 193.13
B30: Proyectó | I30: Vo. Bo. Secretario
B33: DIEGO ALEJANDRO SIERRA BUSTOS | I33: JOSE LEONARDO ARAQUE CONTRERAS
B34: Apoyo a la Secretaria de Planeacion y Obras Publicas | I34: Secretario de Planeacion y Obras Publicas
B43: SECRETARÍA DE PLANEACIÓN Y OBRAS PUBLICAS
B44: =$B$5 -> OBJETO: OPTIMIZACION DEL SISTEMA DE ALCANTARILLADO SANITARIO LA CARRERA 5 ENTRE CALLE 3 Y 4 DEL MUNICIPIO DE CUBARÁ
B46: MEMORIAS DE CALCULO
B47: ÍTEM | C47: EXCAVACION MECANICA EN CONGLOMERADO | G47: UNIDAD: | H47: RED DE ALCANTARILLADO SANITARIO
B48: 2 | H48: M3
G49: UBICACIÓN | H49: MEDIDAS | K49: AREA DE CORTE | L49: CANTIDAD | M49: TOTAL
H50: LONG | I50: ANCHO | J50: ALTURA
G51: POZO 1 | J51: 1.65 | K51: 7.06 | M51: =+K51*J51 -> 11.649
G52: POZO 2 | J52: 1.8 | K52: 7.06 | M52: =+K52*J52 -> 12.708
G53: POZO3 | J53: 2.2 | K53: 7.06 | M53: =+K53*J53 -> 15.532
G54: POZO 4 | J54: 2.3 | K54: 7.06 | M54: =+K54*J54 -> 16.238
G55: POZO 5 | J55: 1.9 | K55: 7.06 | M55: =+K55*J55 -> 13.414
G56: POZO 6 | J56: 1.9 | K56: 7.06 | M56: =+K56*J56 -> 13.414
G57: POZO 7 | J57: 1.5 | K57: 7.06 | M57: =+K57*J57 -> 10.59
G58: TRAMO 1 DE 8 " ENTRE POZO DE ENTREGA Y POZO 1 | H58: =51.75-1.2 -> 50.55 | K58: 1.82 | M58: =+K58*H58 -> 92.001
G59: TRAMO 2 DE 8" ENTRE POZO 1 Y POZO 2 | H59: =27.04-1.9 -> 25.14 | K59: 2.44 | M59: =+K59*H59 -> 61.3416
G60: TRAMO 3 DE 8" ENTRE POZO 2 Y POZO 3 | H60: =62.89-1.9 -> 60.99 | K60: 3.22 | M60: =+K60*H60 -> 196.3878
G61: TRAMO 4 DE 8" ENTRE POZO 3 Y POZO 4 | H61: =80.89-1.9 -> 78.99 | K61: 3.72 | M61: =+K61*H61 -> 293.8428
G62: TRAMO 5 DE 8" ENTRE POZO 4 Y POZO 5 | H62: =48.53-1.9 -> 46.63 | K62: 3.33 | M62: =+K62*H62 -> 155.2779
G63: TRAMO 6 DE 8" ENTRE POZO 4 Y POZO 6 | H63: =36.66-1.9 -> 34.76 | K63: 2.67 | M63: =+K63*H63 -> 92.8092
G64: TRAMO 7 DE 8" ENTRE POZO 6 Y POZO 7 | H64: =49.95-1.9 -> 48.05 | K64: 2.1 | M64: =+K64*H64 -> 100.905
G65: ACOMETIDAS DOMICILIARIAS DE LA #1 A LA #50 | I65: 0.8 | K65: 9 | L65: 50 | M65: =+K65*I65*L65 -> 360
G66: ACOMETIDAS DOMICILIARIAS DE LA #51 AL A#57 | I66: 0.8 | K66: 9.93 | L66: 7 | M66: =+K66*I66*L66 -> 55.608
G67: TOTAL DEFINITIVO | M67: =ROUND(SUM(M51:M66),2) -> 1501.72
B70: Proyectó | I70: Vo. Bo. Secretario
B73: DIEGO ALEJANDRO SIERRA BUSTOS | I73: JOSE LEONARDO ARAQUE CONTRERAS
B74: Apoyo a la Secretaria de Planeacion y Obras Publicas | I74: Secretario de Planeacion y Obras Publicas
B83: SECRETARÍA DE PLANEACIÓN Y OBRAS PUBLICAS
B84: =$B$5 -> OBJETO: OPTIMIZACION DEL SISTEMA DE ALCANTARILLADO SANITARIO LA CARRERA 5 ENTRE CALLE 3 Y 4 DEL MUNICIPIO DE CUBARÁ
B86: MEMORIAS DE CALCULO
B87: ÍTEM | C87: EXCAVACION MANUAL EN CONGLOMERADO HASTA 1m | G87: UNIDAD: | H87: RED DE ALCANTARILLADO SANITARIO
B88: 3 | H88: M3
G89: UBICACIÓN | H89: MEDIDAS | K89: AREA | L89: CANTIDAD | M89: TOTAL
H90: LONG | I90: ANCHO | J90: ALTURA
G91: EXC CAJA DE INSPECCION DOMICILIARIAS | H91: 1 | I91: 1 | J91: 1 | L91: 57 | M91: =H91*I91*J91*L91 -> 57
G95: TOTAL DEFINITIVO | M95: =ROUND(SUM(M91:M94),2) -> 57
B98: Proyectó | I98: Vo. Bo. Secretario
B101: DIEGO ALEJANDRO SIERRA BUSTOS | I101: JOSE LEONARDO ARAQUE CONTRERAS
B102: Apoyo a la Secretaria de Planeacion y Obras Publicas | I102: Secretario de Planeacion y Obras Publicas
B111: SECRETARÍA DE PLANEACIÓN Y OBRAS PUBLICAS
B112: =$B$5 -> OBJETO: OPTIMIZACION DEL SISTEMA DE ALCANTARILLADO SANITARIO LA CARRERA 5 ENTRE CALLE 3 Y 4 DEL MUNICIPIO DE CUBARÁ
B114: MEMORIAS DE CALCULO
B115: ÍTEM | C115: SUMINISTRO E INSTALACION DE TUBERIA SANITARIA DE Ø = 8" | G115: UNIDAD: | H115: RED DE ALCANTARILLADO SANITARIO
B116: 4 | H116: ML
G117: UBICACIÓN | H117: MEDIDAS | K117: AREA | L117: CANTIDAD | M117: TOTAL
H118: LONG | I118: ANCHO | J118: ALTURA
G119: TRAMO 1 DE 8 " ENTRE POZO DE ENTREGA Y POZO 1 | H119: 51.75 | M119: =+H119 -> 51.75
G120: TRAMO 2 DE 8" ENTRE POZO 1 Y POZO 2 | H120: 27.04 | M120: =+H120 -> 27.04
G121: TRAMO 3 DE 8" ENTRE POZO 2 Y POZO 3 | H121: 62.89 | M121: =+H121 -> 62.89
G122: TRAMO 4 DE 8" ENTRE POZO 3 Y POZO 4 | H122: 80.89 | M122: =+H122 -> 80.89
G123: TRAMO 5 DE 8" ENTRE POZO 4 Y POZO 5 | H123: 48.53 | M123: =+H123 -> 48.53
G124: TRAMO 6 DE 8" ENTRE POZO 4 Y POZO 6 | H124: 36.66 | M124: =+H124 -> 36.66
G125: TRAMO 7 DE 8" ENTRE POZO 6 Y POZO 7 | H125: 49.95 | M125: =+H125 -> 49.95
G127: TOTAL DEFINITIVO | M127: =ROUND(SUM(M119:M126),2) -> 357.71
B130: Proyectó | I130: Vo. Bo. Secretario
B133: DIEGO ALEJANDRO SIERRA BUSTOS | I133: JOSE LEONARDO ARAQUE CONTRERAS
B134: Apoyo a la Secretaria de Planeacion y Obras Publicas | I134: Secretario de Planeacion y Obras Publicas
B143: SECRETARÍA DE PLANEACIÓN Y OBRAS PUBLICAS
B144: =$B$5 -> OBJETO: OPTIMIZACION DEL SISTEMA DE ALCANTARILLADO SANITARIO LA CARRERA 5 ENTRE CALLE 3 Y 4 DEL MUNICIPIO DE CUBARÁ
B146: MEMORIAS DE CALCULO
B147: ÍTEM | C147: SUMINISTRO E INSTALACION DE TUBERIA SANITARIA DE Ø = 6" | G147: UNIDAD: | H147: RED DE ALCANTARILLADO SANITARIO
B148: 5 | H148: ML
G149: UBICACIÓN | H149: MEDIDAS | K149: AREA | L149: CANTIDAD | M149: TOTAL
H150: LONG | I150: ANCHO | J150: ALTURA
G151: ACOMETIDAS DOMICILIARIAS DE LA #1 A LA #50 | H151: 6 | L151: 50 | M151: =H151*L151 -> 300
G152: ACOMETIDA #51 | H152: 7 | M152: =+H152 -> 7
G153: ACOMETIDA #52 | H153: 7 | M153: =+H153 -> 7
G154: ACOMETIDA #53 | H154: 6.89 | M154: =+H154 -> 6.89
G155: ACOMETIDA#54 | H155: 6.7 | M155: =+H155 -> 6.7
G156: ACOMETIDA #55 | H156: 6.43 | M156: =+H156 -> 6.43
G157: ACOMETIDA #56 | H157: 6.28 | M157: =+H157 -> 6.28
G158: ACOMETIDA #57 | H158: 6.07 | M158: =+H158 -> 6.07
G159: TOTAL DEFINITIVO | M159: =ROUND(SUM(M151:M158),2) -> 346.37
B162: Proyectó | I162: Vo. Bo. Secretario
B165: DIEGO ALEJANDRO SIERRA BUSTOS | I165: JOSE LEONARDO ARAQUE CONTRERAS
B166: Apoyo a la Secretaria de Planeacion y Obras Publicas | I166: Secretario de Planeacion y Obras Publicas
...

Sheet INDICAR CÓDIGO DEL ITEM DE PAGO
C3: Formulario 1 - Propuesta económica - Documento tipo de licitación de obra pública de agua potable y saneamiento básico
C4: Código | D4: CCE-EICP-FM-47 | E4: Versión | F4: 1
C6: [La entidad podrá utilizar este formato, o el establecido por la entidad, para la presentación de los análisis de precios unitarios del contratista en la oportunidad prevista en el numeral 8.1. del Documento Base]
D9: [NOMBRE DE LA ENTIDAD]
L10: VERSIÓN
D11: [NÚMERO DEL PROCESO]
L12: PÁGINA | M12: 1 | N12: DE | O12: 1
D14: ANALISIS DE PRECIOS UNITARIOS
L16: FECHA | M16: DD | N16: MM | O16: AA
C18: ÍTEMS DE LA PROPUESTA ECONÓMICA | I18: ÍTEMS NO PREVISTOS
C22: DATOS ESPECÍFICOS
C24: ÍTEM | D24: DESCRIPCIÓN | M24: UNIDAD | O24: CANTIDAD
C26: I. EQUIPO
C29: DESCRIPCIÓN | H29: MARCA | J29: TIPO | L29: TARIFA/HORA | M29: RENDIMIENTO | O29: Vr. UNITARIO
C33: SUBTOTAL $
C34: II. MATERIALES
C37: DESCRIPCIÓN | K37: UNIDAD | L37: CANTIDAD | M37: PRECIO UNIT. | O37: Vr. UNITARIO
C40: SUBTOTAL $ | O40: 0
C41: III. TRANSPORTES
C44: MATERIAL | J44: VOL. o PESO | K44: DISTANCIA | L44: M3 o Ton/Km | M44: TARIFA | O44: Vr. UNITARIO
C47: SUBTOTAL $
C48: IV. MANO DE OBRA
C51: TRABAJADOR | J51: JORNAL | K51: PRESTACIONES | L51: JORNAL TOTAL | M51: RENDIMIENTO | O51: Vr. UNITARIO
C56: SUBTOTAL $
C58: TOTAL COSTO DIRECTO $
C59: V. COSTOS INDIRECTOS
C62: Descripción | L62: Porcentaje | M62: Valor Total
C63: ADMINISTRACION
C64: IMPREVISTOS
C65: UTILIDAD
C66: SUBTOTAL $
C68: Precio Unitario Total Aproximado al peso $
H72: Firma
H73: Nombre:
H74: Representante Legal del Contratista o su Apoderado
H75: Matricula No. :
C77: OBSERVACIONES INTERVENTORÍA
C81: APROBACIÓN POR INTERVENTORÍA
C82: Nota 1: Cuando se trate de Análisis de precios unitarios correspondientes a ítems de la propuesta económica aprobada, el Interventor aprueba el desglose de los componentes manteniendo el mismo precio unitario de cada ítem, cumpliendo con las especificaciones de construcción vigentes para el proyecto.
C84: Nota 2: Cuando se trate de Análisis de precios unitarios de ítems no previstos, el Interventor aprueba el desglose y precio unitario de cada ítem no previsto, exigiendo la aplicación de los costos correspondientes a insumos y tarifas de la propuesta económica inicial cuando estén contemplados, cumpliendo con las especificaciones de construcción vigente para el proyecto.
H87: Firma
H88: Nombre:
H89: Representante Legal del Interventor o su Apoderado
H90: Matricula No. :
